 Dungeon Crawl Stone Soup version 0.30-a0-339-g89bb51ec76 (webtiles) character file.

Game seed: 5582031254284280615

9 Lanoc the Chopper (level 2, -4/25 HPs)
             Began as a Meteoran Gladiator on Oct 31, 2022.
             Succumbed to a goblin's poison
             ... on level 1 of the Dungeon.
             The game lasted 00:00:46 (177 turns).

Lanoc the Chopper (Meteoran Gladiator)               Turns: 177, Time: 00:00:46

Health: -4/25      AC:  4    Str: 15    XL:     2   Next: 35%
Magic:  3/3        EV: 13    Int:  9    God:
Gold:   19         SH:  0    Dex: 15    Spells: 1/1 levels left

rFire   . . .      SeeInvis .    a - +0 war axe
rCold   . . .      Faith    .    (no shield)
rNeg    . . .      Spirit   .    b - +0 leather armour
rPois   .          Reflect  .    c - +0 helmet
rElec   .          Harm     .    (no cloak)
rCorr   .          Rampage  .    (no gloves)
Will    .....                    (no boots)
Stlth   +.........               (no amulet)
HPRegen 0.24/turn                (no ring)
MPRegen 0.08/turn                (no ring)

@: lethally poisoned (-4 -> -24), flying, glowing
A: sense surroundings 1, otherworldly, glowing, explore regen
a: no special abilities


You were on level 1 of the Dungeon.
You visited 1 branch of the dungeon, and saw 1 of its levels.

You collected 19 gold pieces.

Inventory:

Hand Weapons
 a - a +0 war axe (weapon)
Missiles
 d - 2 throwing nets (quivered)
 e - a javelin
Armour
 b - a +0 leather armour (worn)
 c - a +0 helmet (worn)
Scrolls
 h - a scroll of identify {unknown}
Potions
 g - a potion of brilliance {unknown}


   Skills:
 + Level 2.4 Fighting
 * Level 4.0 Axes
 - Level 2.4 Throwing
 + Level 3.8 Dodging


You had one spell level left.
You didn't know any spells.
Your spell library was empty.

Dungeon Overview and Level Annotations

Branches:
Dungeon (1/15) Zot: 415

Altars:


Innate Abilities, Weirdness & Mutations

You passively map a small area around you.
You are easily found by Zot.
You glow in the dark.
You regain HP and MP as you explore.


Message History

Found a scroll labelled APNIXO CUACKYMP.
There is a shaft here.
h - a scroll labelled APNIXO CUACKYMP
Found a robe.
Found 6 gold pieces.
You now have 19 gold pieces (gained 6).
A goblin comes into view. It is wielding a +2 dagger of venom.
Found 4 stones.
The goblin shouts!
A hobgoblin comes into view.
The hobgoblin shouts!
The goblin hits you with a +2 dagger of venom.
You are poisoned.
You closely miss the goblin.
You feel very sick. The goblin barely misses you.
You hit the goblin but do no damage.
You feel sick.
The goblin hits you with a +2 dagger of venom.
You are more poisoned.
The goblin hits you with a +2 dagger of venom.
You are more poisoned.
You hit the goblin.
The goblin is heavily wounded.
* * * LOW HITPOINT WARNING * * *
You feel extremely sick. The goblin hits you but does no damage.
You are more poisoned.
Throw: 3 throwing nets
Press: ? - help, Q - select action, (/) - cycle Shift-Dir - straight line, f - goblin
Aim: a goblin, wielding a +2 dagger of venom (moderately wounded, 53% to hit)
You throw a throwing net. The throwing net hits the goblin.
The goblin is caught in the net!
The goblin is moderately wounded.
* * * LOW HITPOINT WARNING * * *
You feel very sick.
The goblin struggles against the net.
It was a potion of flight.
You feel very buoyant.
You fly up into the air.
You die...

###.## , *, , ##...... *
* * ......# * .###### *
.# , .# , **
.############### , *
.##............########.
....##########..@gg.....
..#.# #..#######. **
##..# #..# , #..# #..#
*#..# #..# ,...# #(.#
..[# #..# #.#.# #### .#
*


You could see a hobgoblin and a goblin (caught).

Vanquished Creatures
  An endoplasm (D:1)
  A giant cockroach (D:1)
  3 goblins (D:1)
  A hobgoblin (D:1)
  A kobold (D:1)
7 creatures vanquished.

Notes
Turn   | Place    | Note
-------+----------+-------------------------------------------
     0 | D:1      | Lanoc the Meteoran Gladiator began the quest for the Orb.
     0 | D:1      | Reached XP level 1. HP: 17/17 MP: 2/2
   100 | D:1      | Reached XP level 2. HP: 25/25 MP: 3/3
   111 | D:1      | Reached skill level 4 in Axes
   176 | D:1      | HP: 1/25 [poisoned by a goblin]
   177 | D:1      | Succumbed to a goblin's poison

Illustrated notes

Levels and vault maps discovered:
D:1:      dpeg_arrival_renting, layout_loops_ring

Skill      XL: |  1  2 |
---------------+-------+-----
Axes           | 4 |  4.0
Fighting       | |  2.4
Throwing       | |  2.4
Dodging        | |  3.8

Action                   || total
-------------------------++-------
Melee: War axe           ||    24
Throw: Throwing net      ||     1
  Use: Potion            ||     1
Armor: Leather armour    ||     7
Dodge: Dodged            ||    10

Table legend: (Time is in decaauts)
 A = Elapsed time spent in this place.
 B = Non-inter-level travel time spent in this place.
 C = Inter-level travel time spent in this place.
 D = Time resting spent in this place.
 E = Time spent auto-exploring this place.
 F = Levels seen in this place.
 G = Mean time per level.
                   A        B        C        D        E       F      G
               +--------+--------+--------+--------+--------+-----+--------+
         Total |    184 |    139 |     45 |      0 |     69 |   1 |  184.0 |
       Dungeon |    184 |    139 |     45 |      0 |     69 |   1 |  184.0 |
               +--------+--------+--------+--------+--------+-----+--------+

Top non-repeatable levels by time:
     D:1: 184 daAuts
